 Dungeon Crawl Stone Soup version 0.31-a0-221-gbddc013574 (webtiles) character file.

Game seed: 7944912341818210456

124 reriks the Covered (level 4, -1/40 HPs)
             Began as an Armataur Fighter on July 4, 2023.
             Was an Initiate of Gozag.
             Slain by a gnoll
             ... wielding a +0 spear
              (4 damage)
             ... on level 3 of the Dungeon.
             The game lasted 00:03:43 (1971 turns).

reriks the Covered (Armataur Fighter)               Turns: 1971, Time: 00:03:44

Health: -1/40      AC:  8    Str: 23    XL:     4   Next: 81%
Magic:  4/4        EV:  7    Int:  9    God:    Gozag
Gold:   349        SH:  4    Dex:  9    Spells: 3/3 levels left

rFire   . . .        a - +0 war axe
rCold   . . .        c - +0 buckler
rNeg    . . .        b - +0 scale mail
rPois   .            l - +0 helmet
rElec   .            (no cloak)
rCorr   .            (no gloves)
SInv    .            (no barding)
Will    +....        (no amulet) Stlth
                     h - ring of willpower
HPRegen 0.26/turn    (no ring)
MPRegen 0.09/turn

%: roll
@: gold aura
A: large, rugged brown scales 3, deformed body, armoured tail, roll, long
tongue, awkward tongue
a: Renounce Religion, Potion Petition, Call Merchant, Bribe Branch


You were on level 3 of the Dungeon.
You worshipped Gozag.
Gozag was aware of your devotion.
You visited 1 branch of the dungeon, and saw 3 of its levels.

You collected 349 gold pieces.

Inventory:

Hand Weapons
 a - a +0 war axe (weapon)
Missiles
 k - 5 boomerangs
 m - 3 javelins
Armour
 b - a +0 scale mail (worn)
 c - a +0 buckler (worn)
 i - a +0 scale mail
 l - a +0 helmet (worn)
Jewellery
 h - a ring of willpower (left hand)
Scrolls
 e - a scroll of butterflies {unknown}
 f - a scroll of fear
 g - a scroll of teleportation
 j - a scroll of vulnerability {unknown}
 n - a scroll of enchant armour {unknown}
Potions
 d - a potion of might
 o - a potion of lignification {unknown}
 p - 2 potions of heal wounds {unknown}


   Skills:
 + Level 3.4 Fighting
 + Level 2.4 Axes
 + Level 4.5 Armour
 + Level 4.2 Shields


You had 3 spell levels left.
You didn't know any spells.
Your spell library was empty.

Dungeon Overview and Level Annotations

Branches:
Dungeon (3/15)

Altars:
Dithmenos
Gozag

Shops:
D:1 :   D:3 (

Annotations:
D:3 3 runed translucent doors


Innate Abilities, Weirdness & Mutations

You are completely covered in rugged brown scales. (AC +3, +7% HP)
Armour fits poorly on your strangely shaped body.
You have a long armoured tail.
You roll when moving toward enemies. (Rampage)
Your long tongue fully drains potion bottles. (2x potion effects)
Your tongue gives you trouble enunciating. (1.5x scroll delay)


Message History

There are monsters nearby!
You roll towards the gnoll!
You slash the gnoll!
You kill the gnoll!
You hit the gnoll. The gnoll closely misses you.
The gnoll hits you with a +0 flail of draining.
You feel drained.
Your life force feels restored.
You hit the gnoll but do no damage.
The gnoll is moderately wounded.
The gnoll hits you from afar with a +0 spear.
The gnoll hits you from afar with a +0 halberd.
You block the gnoll's attack.
The gnoll hits you from afar with a +0 halberd!
The gnoll barely misses you. x2
You slash the gnoll!
You kill the gnoll!
The gnoll hits you from afar with a +0 spear.
The gnoll is distracted by your dazzling golden aura.
You roll towards the gnoll!
The gnoll shouts!
You hit the gnoll.
The gnoll is heavily wounded.
The gnoll is no longer distracted by gold.
The gnoll hits you but does no damage.
The gnoll hits you from afar with a +0 halberd!
You block the gnoll's attack.
The gnoll hits you from afar with a +0 halberd.
You are too injured to fight recklessly!
You are too injured to fight recklessly!
You are too injured to fight recklessly!
The gnoll hits you with a +0 spear. The gnoll closely misses you.
You barely miss the gnoll. You closely miss the gnoll.
You block the gnoll's attack. The gnoll hits you with a +0 halberd!
* * * LOW HITPOINT WARNING * * *
You hit the gnoll but do no damage.
The gnoll is heavily wounded.
You hit the gnoll.
The gnoll hits you but does no damage. x2
The gnoll hits you with a +0 spear.
You die...
Your body crumbles into a pile of gold.

###....
#.........#
#...###
#.........#
##.#.###
#.........#
#.......
#.........#
#...#...
#.$.......#
#..##...
#.........#
#..#....
#....g....#
#.##..##
#....g@$..#
#.#..###
######..###
#.#..### ##.##
#.##..## #..#
##..#.... ##.#
##...##...
#.#####..[..#...
#.#.#...........
#.#...##...#....
#.###.######....


You could see 2 gnolls.

Vanquished Creatures
  Robin (D:2)
  2 gnolls (D:3)
  2 adders (D:2)
  2 worms
  5 dart slugs
  6 endoplasms
  A giant cockroach (D:3)
  12 goblins
  5 hobgoblins
  4 kobolds
  A quokka (D:1)
  8 ball pythons
  5 bats
  3 frilled lizards
  2 rats
59 creatures vanquished.

Notes
Turn   | Place    | Note
-------+----------+-------------------------------------------
     0 | D:1      | reriks the Armataur Fighter began the quest for the Orb.
     0 | D:1      | Reached XP level 1. HP: 19/19 MP: 1/1
   110 | D:1      | Reached XP level 2. HP: 26/26 MP: 2/2
   257 | D:1      | Found Targh's Book Shop.
   279 | D:1      | Found a faded altar of an unknown god.
   472 | D:1      | Prayed at the altar of an unknown god.
   472 | D:1      | Became a worshipper of Gozag Ym Sagoz the Greedy
   553 | D:2      | Reached XP level 3. HP: 29/33 MP: 3/3
   832 | D:2      | Noticed Robin
   840 | D:2      | Killed Robin
   849 | D:2      | Reached XP level 4. HP: 39/40 MP: 4/4
   945 | D:2      | Found a shadowy altar of Dithmenos.
  1728 | D:3      | Found Erchybimm's Weapon Emporium.
  1801 | D:3      | Found a runed translucent gate.
  1829 | D:3      | Found a runed translucent gate.
  1829 | D:3      | Found a runed translucent gate.
  1971 | D:3      | Slain by a gnoll

Illustrated notes

Levels and vault maps discovered:
D:1:      dpeg_arrival_rooms_a, layout_rooms,
          hellmonk_ecumenical_altar_leap_of_faith, serial_shops,
          nicolae_shop_tiny_real_fake_doors
D:2:      layout_basic, serial_glass, glass_columns_a, glass_columns_a,
          basic_altar, hangedman_feature_mirror, uniq_robin
D:3:      layout_rooms, pdpol_temple_overflow_zin_treasury_gozag_greed,
          ebering_ghost_rock_garden, serial_shops, nicolae_square_shop,
          dreamdust_wishing_well, minmay_misc_feat_iff

Skill      XL: |  1  2  3  4 |
---------------+-------------+-----
Fighting       | 3 |  3.4
Armour         | 4 |  4.5
Axes           | 2 |  2.4
Shields        | 4 |  4.2

Action                     |  1- 3 |  4- 6 || total
---------------------------+-------+-------++-------
  Melee: War axe           |    71 |    57 ||   128
         Tailslap          |     6 |     6 ||    12
    Use: Scroll            |       |     4 ||     4
 Armour: Scale mail        |    40 |    24 ||    64
  Dodge: Dodged            |    28 |    16 ||    44
  Block: Buckler           |     9 |    16 ||    25

Table legend: (Time is in decaauts)
 A = Elapsed time spent in this place.
 B = Non-inter-level travel time spent in this place.
 C = Inter-level travel time spent in this place.
 D = Time resting spent in this place.
 E = Time spent auto-exploring this place.
 F = Levels seen in this place.
 G = Mean time per level.
                   A        B        C        D        E       F      G
               +--------+--------+--------+--------+--------+-----+--------+
         Total |   2026 |   1873 |    153 |    287 |   1173 |   3 |  675.3 |
       Dungeon |   2026 |   1873 |    153 |    287 |   1173 |   3 |  675.3 |
               +--------+--------+--------+--------+--------+-----+--------+

Top non-repeatable levels by time:
     D:2: 1210 daAuts
     D:1: 524 daAuts
     D:3: 291 daAuts
